 Dungeon Crawl Stone Soup version 0.22.1-2-g9c5b331383 (webtiles) character file.

98 Gargoyl the Skirmisher (level 4, -3/40 HPs)
             Began as a Centaur Abyssal Knight on Nov 13, 2018.
             Was a Believer of Lugonu.
             Slain by an iguana (12 damage)
             ... on level 3 of the Dungeon.
             The game lasted 00:02:22 (2558 turns).

Gargoyl the Skirmisher (Centaur Abyssal Knight)     Turns: 2558, Time: 00:02:23

Health: -3/40      AC:  4    Str: 15    XL:     4   Next: 43%
Magic:  5/5        EV:  9    Int: 11    God:    Lugonu [**....]
Gold:   84         SH:  0    Dex:  9    Spells: 3/3 levels left

rFire    . . .     SeeInvis +   a - +1 hand axe
rCold    . . .     Gourm    .   (no shield)
rNeg     . . .     Faith    .   b - +0 leather armour
rPois    .         Spirit   .   (no helmet)
rElec    .         Reflect  .   d - scarf {cloud immunity}
rCorr    .         Harm     .   (no gloves)
MR       .....                  (no barding)
Stlth    ..........             (no amulet)
HPRegen  0.13/turn              l - ring of see invisible
MPRegen  0.09/turn              (no ring)

@: very quick
A: large, hooves 3, deformed body, speed 2, tough skin 3
a: Depart the Abyss, Bend Space, Renounce Religion


You were on level 3 of the Dungeon.
You worshipped Lugonu.
Lugonu was pleased with you.
You were hungry.

You visited 1 branch of the dungeon, and saw 3 of its levels.
You visited the Abyss 1 time.

You collected 84 gold pieces.

Inventory:

Hand Weapons
 a - a +1 hand axe (weapon)
Armour
 b - a +0 leather armour (worn)
 d - a scarf of cloud immunity (worn)
Jewellery
 h - an uncursed amulet of guardian spirit {unknown}
 l - a ring of see invisible (left hand)
Scrolls
 f - a scroll of magic mapping {unknown}
 i - 4 scrolls of identify
 k - 2 scrolls of teleportation {unknown}
Potions
 e - a potion of heal wounds {unknown}
 g - 2 potions of haste {unknown}
 j - 2 potions of agility {unknown}
Comestibles
 c - 6 rations


   Skills:
 + Level 3.7 Fighting
 + Level 2.3 Axes
 * Level 2.3 Armour
 + Level 1.1 Dodging
 * Level 2.6 Invocations


You had 3 spell levels left.
You didn't know any spells.
Your spell library was empty.

Dungeon Overview and Level Annotations

Branches:
Dungeon (3/15)

Altars:


Innate Abilities, Weirdness & Mutations

You have hooves in place of feet.
Armour fits poorly on your strangely shaped body.
You cover ground very quickly.
You have extremely tough skin. (AC +3)


Message History

The iguana hisses angrily.
There is a stone staircase leading up here.
An iguana is nearby!
You hit the iguana but do no damage. You kick the iguana.
The iguana is lightly wounded.
The iguana bites you!
You completely miss the iguana.
The iguana is lightly wounded.
The iguana bites you!
You hit the iguana. Your kick misses the iguana.
The iguana is moderately wounded.
The iguana bites you. x2
You hit the iguana.
The iguana is severely wounded.
The iguana bites you!
* * * LOW HITPOINT WARNING * * *
You closely miss the iguana.
The iguana is severely wounded.
The iguana bites you!
You die...

......
#....#
#....#
#....#
##....#
.....#
..#####....#
.......<...#
...####.@.##
#..l.#
#.#..#
#.#...#
#.#...#
#+#...# ...#
.#..


You could see an iguana.

Vanquished Creatures
  A gnoll (D:1)
  3 adders (D:2)
  An ooze (D:2)
  A worm (D:2)
  3 leopard geckos (D:1)
  6 bats
  5 giant cockroaches
  3 goblins (D:1)
  4 hobgoblins (D:1)
  5 jackals (D:1)
  A quokka (D:2)
  3 frilled lizards
  7 kobolds
  6 rats
49 creatures vanquished.

Notes
Turn   | Place    | Note
-------+----------+-------------------------------------------
     0 | Abyss:1  | Gargoyl the Centaur Abyssal Knight began the quest for the
                  | Orb.
     0 | Abyss:1  | Reached XP level 1. HP: 19/19 MP: 2/2
    37 | Abyss:1  | Noticed a raiju
    40 | Abyss:1  | Noticed a smoke demon
    55 | D:1      | Escaped the Abyss
   292 | D:1      | Reached XP level 2. HP: 20/26 MP: 3/3
   293 | D:1      | Reached * piety under Lugonu
   683 | D:1      | Reached XP level 3. HP: 14/31 MP: 4/4
  1732 | D:2      | Reached ** piety under Lugonu
  1810 | D:2      | Reached XP level 4. HP: 26/39 MP: 5/5
  1934 | D:2      | Reached skill level 1 in Dodging
  2558 | D:3      | Slain by an iguana

Skill      XL: |  1  2  3  4 |
---------------+-------------+-----
Axes           | 2 |  2.3
Armour         | 2 |  2.3
Dodging        | 1 |  1.1
Fighting       | |  3.7
Invocations    | |  2.6

Action                   |  1- 3 |  4- 6 || total
-------------------------+-------+-------++-------
Melee: Hand axe          |    98 |    33 ||   131
       Kick              |    13 |     6 ||    19
Invok: Depart the Abyss  |     1 |       ||     1
  Use: Scroll            |     4 |       ||     4
  Eat: Chunk             |     1 |     2 ||     3
Armor: Leather armour    |    75 |    10 ||    85
Dodge: Dodged            |    78 |    21 ||    99
